 Dungeon Crawl Stone Soup version 0.27-a0-1230-gfc7c993222 (webtiles) character file.

Game seed: 12578870155096341802

11 Glokmah the Sneak (level 2, -1/15 HPs)
             Began as a Vampire Enchanter on June 8, 2021.
             Slain by a jackal (2 damage)
             ... on level 1 of the Dungeon.
             The game lasted 00:00:56 (440 turns).

Glokmah the Sneak (Vampire Enchanter)                Turns: 440, Time: 00:00:56

Health: -1/15      AC:  2    Str:  7    XL:     2   Next: 13%
Magic:  0/5        EV: 12    Int: 17    God:
Gold:   64         SH:  0    Dex: 14    Spells: 4/5 levels left

rFire    . . .     SeeInvis +   a - +1 dagger
rCold    + + .     Faith    .   (no shield)
rNeg     + + +     Spirit   +   b - +0 robe
rPois    ∞         Reflect  .   (no helmet)
rElec    .         Harm     .   (no cloak)
rCorr    .         Rampage  .   (no gloves)
Will     .....                  (no boots)
Stlth    +++++.....             c - amulet of guardian spirit
HPRegen  0.00/turn              (no ring)
MPRegen  0.09/turn              (no ring)

@: bloodless
A: bloodless, fangs 3, see invisible, vampiric 1
a: Revivify


You were on level 1 of the Dungeon.
You visited 1 branch of the dungeon, and saw 1 of its levels.

You collected 64 gold pieces.

Inventory:

Hand Weapons
 a - a +1 dagger (weapon)
Missiles
 d - 6 datura-tipped darts
Armour
 b - a +0 robe (worn)
Jewellery
 c - an amulet of guardian spirit (around neck)
 e - an amulet of faith
Scrolls
 f - 2 scrolls of fog {unknown}
 g - a scroll of identify {unknown}


   Skills:
 + Level 0.2 Fighting
 * Level 1.5 Short Blades
 - Level 2.1 Dodging
 * Level 4.8 Stealth
 + Level 2.1 Spellcasting
 + Level 4.5 Hexes


You had 4 spell levels left.
You knew the following spells:

 Your Spells              Type           Power      Damage    Failure   Level
a - Corona                Hex            18%        N/A       3%          1

Your spell library contained the following spells:

 Spells                   Type           Power      Damage    Failure   Level
 Confusing Touch          Hex            17%        N/A       9%          3
 Tukima's Dance           Hex            17%        N/A       9%          3
 Ensorcelled Hibernation  Hex/Ice        18%        N/A       12%         2
 Dazzling Flash           Conj/Hex       18%        N/A       22%         3


Dungeon Overview and Level Annotations

Branches:
Dungeon (1/15)

Altars:


Innate Abilities, Weirdness & Mutations

You do not regenerate when monsters are visible.
You are frail without blood (-20% HP).
You can heal yourself when you bite living creatures.
You are immune to poison.
You have razor-sharp teeth.
You have supernaturally acute eyesight. (SInv)
You are afflicted with vampirism.


Message History

You hit the jackal but do no damage. Your bite misses the jackal.
The jackal barely misses you.
You barely miss the jackal. The jackal misses you. x2
You hit the jackal.
The jackal is severely wounded.
The jackal bites you.
You hit the jackal.
You kill the jackal!
You hit the kobold. You bite the kobold.
You kill the kobold!
The jackal barely misses you.
A bat comes into view.
The jackal misses you.
Items here: ( ) ††.
You hit the jackal but do no damage. The jackal closely misses you.
You hit the jackal but do no damage. The jackal closely misses you.
You hit the jackal but do no damage. The jackal completely misses you.
The jackal bites you.
You barely miss the jackal. The jackal bites you.
You barely miss the jackal. The jackal bites you.
* * * LOW HITPOINT WARNING * * *
The jackal bites you but does no damage.
Okay, then.
Unknown command.
You completely miss the jackal. The jackal bites you.
* * * LOW HITPOINT WARNING * * *
Casting: Corona (safe; 3% risk of failure)
Confirm with . or Enter, or press ? or * to list all spells.
Aiming: Corona (safe; 3% risk of failure)
Press: ? - help, Shift-Dir - straight line, f - jackal
Aim: a jackal (chance to affect: 71%)
The jackal barely resists.
The jackal barks!
A jackal comes into view.
The jackal bites you.
* * * LOW HITPOINT WARNING * * *
You aren't carrying any potions.
Unknown command.
You hit the jackal but do no damage. The jackal bites you.
You die...

#.#####...........
#.....†....##.##.#
....###.##.# #.#
....###.##.# ...
........##.# #.#
....######.# #.# ....#
#.# #.# #.### #.#####.#
#.# #...†.#@# #.#
#####.#h# #.# #.#b##
#.# ####†.h.### ..#
#.....#...# #######
#.##....#h## ....... ..
#....#h..########.#
#######
.........#.#....hKh...#
.......
.####...##...####.###g#


You could see 3 jackals and a bat.

Vanquished Creatures
  A ball python (D:1)
  5 jackals (D:1)
  2 bats (D:1)
  A frilled lizard (D:1)
  A kobold (D:1)
10 creatures vanquished.

Notes
Turn   | Place    | Note
-------+----------+-------------------------------------------
     0 | D:1      | Glokmah the Vampire Enchanter began the quest for the Orb.
     0 | D:1      | Reached XP level 1. HP: 13/13 MP: 3/3
   424 | D:1      | Reached XP level 2. HP: 12/15 MP: 5/5
   440 | D:1      | Slain by a jackal

Illustrated notes

Levels and vault maps discovered:
D:1:      minmay_arrival_jagged, layout_loops_ring, basic_ecumenical_altar

Action                   || total
-------------------------++-------
Melee: Dagger            ||    34
       Bite              ||     1
 Cast: Corona            ||     1
 Abil: Exsanguinate      ||     1
 Stab: Sleeping          ||     5
Armor: Robe              ||     2
Dodge: Dodged            ||    24

Table legend: (Time is in decaauts)
 A = Elapsed time spent in this place.
 B = Non-inter-level travel time spent in this place.
 C = Inter-level travel time spent in this place.
 D = Time resting spent in this place.
 E = Time spent auto-exploring this place.
 F = Levels seen in this place.
 G = Mean time per level.
                   A        B        C        D        E       F      G
               +--------+--------+--------+--------+--------+-----+--------+
         Total |    437 |    411 |     26 |      0 |    311 |   1 |  437.0 |
       Dungeon |    437 |    411 |     26 |      0 |    311 |   1 |  437.0 |
               +--------+--------+--------+--------+--------+-----+--------+

Top non-repeatable levels by time:
     D:1: 437 daAuts
